 Dungeon Crawl Stone Soup version 0.22.0-49-gab54619 (webtiles) character file.

25650 Fang the Cleaver (level 13, -4/85 HPs)
             Began as a Gargoyle Berserker on Sept 5, 2018.
             Was a High Priest of Trog.
             Shot with an arrow by Nessos (18 damage)
             ... on level 4 of the Lair of Beasts on Sept 6, 2018.
             The game lasted 00:34:30 (18801 turns).

Fang the Cleaver (Gargoyle Berserker)              Turns: 18801, Time: 00:34:31

Health: -4/85      AC: 15    Str: 25    XL:     13   Next: 20%
Magic:  13/13      EV: 16    Int: 14    God:    Trog [*****.]
Gold:   967        SH:  0    Dex:  9    Spells: 12/12 levels left

rFire    . . .     SeeInvis +   a - +2 hand axe (freeze)
rCold    . . .     Gourm    +   (no shield)
rNeg     + . .     Faith    .   D - +2 robe {MR+}
rPois    ∞         Spirit   .   r - +2 hat
rElec    +         Reflect  .   (no cloak)
rCorr    .         Harm     .   (no gloves)
MR       +....                  (no boots)
Stlth    ++++......             o - amulet of the gourmand
HPRegen  0.24/turn              d - ring of see invisible
MPRegen  0.13/turn              l - +5 ring of intelligence

@: berserk cooldown, slowed, drained, very slow
A: negative energy resistance 1, electricity resistance, unbreathing,
petrification resistance, rot immunity, AC +9
a: Berserk, Trog's Hand, Brothers in Arms, Renounce Religion


You were on level 4 of the Lair of Beasts.
You worshipped Trog.
Trog was extremely pleased with you.
You were very full.

You visited 3 branches of the dungeon, and saw 16 of its levels.
You also visited: Sewer and Ossuary.

You collected 967 gold pieces.

Inventory:

Hand Weapons
 a - a +2 hand axe of freezing (weapon)
Armour
 r - a +2 hat (worn)
 D - a +2 robe of magic resistance (worn)
Jewellery
 d - a ring of see invisible (left hand)
 l - a +5 ring of intelligence (right hand)
 o - an amulet of the gourmand (around neck)
 p - an uncursed amulet of guardian spirit
 H - an uncursed ring of resist corrosion {unknown}
Wands
 b - a wand of paralysis (9)
 h - a wand of flame (30)
 i - a wand of iceblast (17)
 A - a wand of polymorph (15)
 C - a wand of enslavement (19)
Scrolls
 f - 3 scrolls of fog
 g - 7 scrolls of remove curse
 m - 8 scrolls of teleportation
 u - 2 scrolls of holy word
 w - 3 scrolls of magic mapping
 x - a scroll of torment
 y - a scroll of blinking
 E - a scroll of enchant armour
 J - a scroll of brand weapon
 L - a scroll of random uselessness {unknown}
Potions
 e - 8 potions of curing
 j - 5 potions of lignification
 k - 5 potions of might
 n - 2 potions of flight
 q - a potion of ambrosia
 s - 6 potions of agility
 t - 2 potions of cancellation
 v - 2 potions of mutation
 z - a potion of resistance
 B - a potion of heal wounds
 F - a potion of haste {unknown}
 G - a potion of brilliance {unknown}
 I - a potion of magic {unknown}
Comestibles
 c - 26 rations


   Skills:
 + Level 11.9(11.8) Fighting
 + Level 13.0(12.9) Axes
 + Level 2.3 Armour
 + Level 9.3(9.2) Dodging
 + Level 10.3(10.2) Stealth


You had 12 spell levels left.
You didn't know any spells.
Your spell library was empty.

Dungeon Overview and Level Annotations

Branches:
Dungeon (11/15)            Temple (1/1) D:7            Lair (4/6) D:11
  Swamp (0/4) Lair:2        Snake (0/4) Lair:3          Orc (0/2) D:10

Altars:
Ashenzari
Cheibriados
Kikubaaqudgha
Trog
Uskayaw
Vehumet
Wu Jian
Xom
Yredelemnul
The Shining One

Shops:
D:9 ?   D:11 [[(=(

Annotations:
D:9 1 runed door, HallandMoats's ghost, novice TrMo
D:11 3 runed doors, jman's ghost, journeyman GrEE; krixvar's ghost, journeyman MiBe; maximusg's ghost, journeyman MiBe
Lair:4 Nessos


Innate Abilities, Weirdness & Mutations

You are resistant to torment.
Your stone body is resilient. (AC +9)
You are immune to poison.
You resist negative energy. (rN+)
You are resistant to electric shocks. (rElec)
You can survive without breathing.
You are immune to petrification.
You are immune to rotting.


Message History

Nessos blinks!
Nessos hits you!
* * * LOW HITPOINT WARNING * * *
Nessos blinks!
You see here an arrow.
Nessos is no longer moving quickly.
Nessos mumbles some strange words.
Nessos seems to speed up.
Nessos wields an uncursed longbow of flaming.
It bursts into flame!
Nessos shoots an arrow.
The arrow hits you!
* * * LOW HITPOINT WARNING * * *
The arrow burns you.
* * * LOW HITPOINT WARNING * * *
You see here an arrow.
As you read the scroll of teleportation, it crumbles to dust.
You feel strangely unstable.
Nessos blinks!
Nessos shoots an arrow.
The arrow hits you but does no damage.
Nessos blinks!
Your surroundings seem slightly different.
Nessos shoots an arrow.
The arrow barely misses you.
Nessos shoots an arrow.
The arrow hits you!!
You die...

#########.#.#.#
##....##.....##...##
##P...###.##.P#....#
#.....##P.....#....
#...........#.##..#
####....##.....#..#
..##.##.#####..#..#
......###
####...(### ....<.#
#?((..@...## ##....#
#.§(.......# #####.#
#..)......## # #[#
#.(.....### ##
##..(...# #P§.....#
##.c.#...# ##.#...##
##.#...


You could see Nessos.

Vanquished Creatures
  Erolcha (D:10)
  Nergalle (Lair:4)
  A black mamba (Lair:3)
  11 elephants
  A torpor snail (Lair:3)
  Psyche (D:10)
  3 spiny frogs
  3 komodo dragons (Lair:3)
  A troll (D:10)
  4 hippogriffs
  3 hornets
  4 dream sheep (Lair:3)
  8 blink frogs
  A bog body (Lair:2)
  11 yaks
  A wraith (D:11)
  2 wyverns
  A shadow (D:11)
  2 hungry ghosts
  A basilisk (Lair:2)
  2 swamp worms (Lair:2)
  A soldier ant (D:9)
  3 nagas (Lair:3)
  3 water moccasins
  A porcupine (Lair:2)
  A black bear (Lair:4)
  4 orc warriors
  4 sky beasts
  5 necrophages (Lair:2)
  2 phantoms
  4 ice beasts
  6 centaurs
  6 ogres
  6 crocodiles
  An elf zombie (Ossuary)
  A big kobold (D:8)
  12 bullfrogs
  A gnoll sergeant (D:6)
  A wyvern zombie (D:9)
  A water moccasin zombie (D:5)
  7 scorpions
  20 killer bees
  11 howler monkeys
  An electric eel (Lair:2)
  A bullfrog zombie (D:10)
  2 quasits
  2 centaur zombies (D:6)
  3 crimson imps
  6 hounds
  3 human zombies (Ossuary)
  4 orc priests
  2 jellies
  12 orc wizards
  A bullfrog skeleton (D:7)
  4 centaur skeletons
  Natasha (thrice) (D:4)
  Ijyb (D:3)
  4 iguanas
  6 worker ants
  A big kobold zombie (Ossuary)
  A hound skeleton (D:5)
  3 hound zombies
  4 mummies (Ossuary)
  A howler monkey zombie (D:5)
  2 worker ant zombies
  8 gnolls
  20 adders
  4 river rats (Sewer)
  An ooze (D:2)
  An adder zombie (D:5)
  2 worms (D:4)
  6 dart slugs
  5 leopard geckos
  32 orcs
  5 bats
  5 giant cockroaches
  A gnoll zombie (Ossuary)
  7 goblins
  10 hobgoblins
  12 jackals
  2 quokkas
  11 ball pythons
  14 frilled lizards
  A giant cockroach zombie (D:6)
  A goblin zombie (Ossuary)
  A hobgoblin zombie (Ossuary)
  7 kobolds
  3 kobold zombies (Ossuary)
  A quokka skeleton (D:4)
  A quokka zombie (D:7)
  16 rats
  A rat zombie (D:7)
  2 fungi
  A plant (Lair:4)
412 creatures vanquished.

Vanquished Creatures (collateral kills)
  A hydra (Lair:4)
  A death knight (D:11)
  4 elephants (Lair:4)
  2 komodo dragons
  A porcupine (Lair:3)
  A crocodile (Lair:3)
10 creatures vanquished.

Vanquished Creatures (others)
  An adder (D:3)
  A fungus (D:9)
  A plant (D:9)
  4 withered plants (D:11)
7 creatures vanquished.

Grand Total: 429 creatures vanquished

Notes
Turn   | Place    | Note
-------+----------+-------------------------------------------
     0 | D:1      | Fang the Gargoyle Berserker began the quest for the Orb.
     0 | D:1      | Reached XP level 1. HP: 14/14 MP: 1/1
    20 | D:1      | Reached XP level 2. HP: 17/19 MP: 2/2
   113 | D:1      | Reached skill level 3 in Axes
   464 | D:1      | Reached XP level 3. HP: 16/24 MP: 3/3
  1049 | D:2      | Reached ** piety under Trog
  1049 | D:2      | Reached XP level 4. HP: 16/29 MP: 4/4
  1286 | D:2      | Reached skill level 4 in Axes
  1414 | D:2      | Reached XP level 5. HP: 20/33 MP: 5/5
  1685 | D:2      | Reached skill level 1 in Stealth
  1796 | D:2      | Found a shimmering altar of Xom.
  2067 | D:3      | Noticed Ijyb
  2082 | D:3      | Killed Ijyb
  2423 | D:3      | Reached XP level 6. HP: 38/38 MP: 6/6
  2678 | D:3      | Found a faded altar of an unknown god.
  2829 | D:4      | Found a radiant altar of Vehumet.
  2940 | D:4      | Reached skill level 7 in Axes
  2940 | D:4      | Reached skill level 5 in Dodging
  2940 | D:4      | Reached XP level 7. HP: 49/49 MP: 7/7
  3251 | D:4      | Found a snail-covered altar of Cheibriados.
  3272 | D:4      | Found a glowing drain.
  3305 | Sewer    | Entered a sewer
  3499 | Sewer    | Reached *** piety under Trog
  3583 | Sewer    | Reached XP level 8. HP: 42/55 MP: 8/8
  3975 | D:4      | Found a basalt altar of Yredelemnul.
  4098 | D:4      | Noticed Natasha
  4111 | D:4      | Killed Natasha
  4277 | D:4      | Found a shattered altar of Ashenzari.
  4382 | D:4      | Noticed Natasha
  4393 | D:4      | Killed Natasha
  4588 | D:5      | Entered Level 5 of the Dungeon
  4874 | D:5      | Reached skill level 8 in Axes
  5161 | D:4      | Noticed Natasha
  5187 | D:4      | Killed Natasha
  5404 | D:5      | Found a bloodstained altar of Trog.
  5413 | D:5      | Reached XP level 9. HP: 43/60 MP: 9/9
  5657 | D:5      | Found an ancient bone altar of Kikubaaqudgha.
  6238 | D:6      | Found a hide-covered altar of Uskayaw.
  6509 | D:6      | Reached **** piety under Trog
  7463 | D:7      | Reached skill level 9 in Axes
  7628 | D:7      | Reached XP level 10. HP: 49/66 MP: 10/10
  7744 | D:7      | Found a sand-covered staircase.
  7753 | Ossuary  | Entered an ossuary
  7767 | Ossuary  | Reached ***** piety under Trog
  8165 | D:7      | Found a staircase to the Ecumenical Temple.
  8352 | Temple   | Entered the Ecumenical Temple
  8819 | D:8      | Found an ornate altar of the Wu Jian Council.
  9241 | D:8      | Found a glowing golden altar of the Shining One.
 10001 | D:9      | Reached skill level 10 in Axes
 10296 | D:9      | Found a runed door.
 10473 | D:9      | Found Esaev's Magic Scroll Shoppe.
 10747 | D:9      | Noticed HallandMoats's ghost (novice TrMo)
 10781 | D:10     | Entered Level 10 of the Dungeon
 10901 | D:10     | Reached XP level 11. HP: 11/72 MP: 11/11
 11197 | D:10     | Noticed Psyche
 11205 | D:10     | Killed Psyche
 11632 | D:10     | Reached skill level 10 in Fighting
 11704 | D:10     | Noticed Erolcha
 11721 | D:10     | Killed Erolcha
 11987 | D:10     | Found a staircase to the Orcish Mines.
 12150 | D:11     | Found Mos Unk's Antique Armour Emporium.
 12244 | D:11     | Noticed a death knight
 12305 | D:11     | Killed a death knight
 12573 | D:11     | Found Pygegutoz's Weapon Shoppe.
 12589 | D:11     | Found a runed gate.
 12589 | D:11     | Found a runed gate.
 12590 | D:11     | Found a runed gate.
 12592 | D:11     | Noticed jman's ghost (journeyman GrEE)
 12593 | D:11     | Noticed maximusg's ghost (journeyman MiBe)
 12593 | D:11     | Noticed krixvar's ghost (journeyman MiBe)
 12596 | D:11     | Found Qetav's Jewellery Shoppe.
 12631 | D:11     | Reached skill level 11 in Axes
 12635 | D:11     | Found Heotuc's Weapon Boutique.
 12867 | D:11     | Found a staircase to the Lair.
 12887 | D:11     | Found Sesew's Antique Armour Shop.
 13230 | Lair:1   | Entered Level 1 of the Lair of Beasts
 13801 | Lair:1   | Found a dark tunnel.
 14280 | Lair:2   | Reached XP level 12. HP: 68/79 MP: 12/12
 14991 | Lair:2   | Found a staircase to the Swamp.
 15782 | Lair:3   | Reached skill level 12 in Axes
 16438 | Lair:3   | Found a staircase to the Snake Pit.
 16467 | Lair:3   | Received a gift from Trog
 16470 | Lair:3   | Reached ****** piety under Trog
 17489 | Lair:3   | Reached skill level 10 in Stealth
 17792 | Lair:4   | Reached XP level 13. HP: 85/85 MP: 13/13
 18761 | Lair:4   | Noticed Nessos
 18761 | Lair:4   | Noticed Nergalle
 18790 | Lair:4   | Killed Nergalle
 18790 | Lair:4   | Reached skill level 13 in Axes
 18801 | Lair:4   | Shot with an arrow by Nessos

Skill      XL: |  1  2  3  4  5  6  7  8  9 10 11 12 13 |
---------------+----------------------------------------+-----
Axes           | 3 4 7 8 9 10 11 12 13 | 13.0
Dodging        | 2 5 6 7 8 9 |  9.3
Fighting       | 4 8 9 10 11 | 11.9
Stealth        | 1 7 8 9 10 | 10.3
Armour         | |  2.3

Action                   |  1- 3 |  4- 6 |  7- 9 | 10-12 | 13-15 || total
-------------------------+-------+-------+-------+-------+-------++-------
Melee: Hand axe          |    87 |   142 |   490 |   998 |    84 ||  1801
Invok: Berserk           |       |     4 |     6 |    16 |     1 ||    27
       Brothers in Arms  |       |       |       |     2 |     2 ||     4
  Use: Scroll            |       |     6 |     7 |    15 |     1 ||    29
       Potion            |       |     1 |     1 |       |     1 ||     3
 Stab: Sleeping          |     1 |     3 |    13 |    19 |     1 ||    37
       Distracted        |       |       |     1 |     2 |       ||     3
  Eat: Chunk             |       |    11 |    13 |    71 |     5 ||   100
       Ration            |       |       |     2 |     1 |       ||     3
Armor: Animal skin       |    32 |    52 |   128 |   139 |       ||   351
       Robe              |       |       |       |   196 |    34 ||   230
Dodge: Dodged            |    64 |    81 |   314 |   625 |    51 ||  1135
